 Dungeon Crawl Stone Soup version 0.31.0-9-g3a7656b989 (webtiles) character file.

Game seed: 8330183184855594711

54 qw the Shooter (level 3, 0/18 HPs)
             Began as a Spriggan Hunter on Feb 2, 2024.
             Succumbed to an adder's poison
             ... on level 3 of the Dungeon.
             The game lasted 00:00:04 (1288 turns).

qw the Shooter (Spriggan Hunter)                    Turns: 1288, Time: 00:00:04

Health: 0/18       AC:  2    Str:  7    XL:     3   Next: 66%
Magic:  4/4        EV: 19    Int: 10    God:
Gold:   60         SH:  0    Dex: 20    Spells: 2/2 levels left

rFire   . . .        a - +0 shortbow
rCold   . . .        (shield currently unavailable)
rNeg    . . .        c - +0 robe
rPois   .            (helmet restricted)
rElec   .            (no cloak)
rCorr   .            (gloves unavailable)
SInv    +            (boots unavailable)
Will    +....        (no amulet)
Stlth   ++           (no ring)
HPRegen 0.23/turn    (no ring)
MPRegen 0.09/turn

%: no passive effects
@: lethally poisoned (0 -> -5), about to teleport, enlightened, flying, very
quick
A: very small, no large weapons, unfitting armour, see invisible, speed 3
a: no special abilities


You were on level 3 of the Dungeon.
You visited 1 branch of the dungeon, and saw 3 of its levels.

You collected 96 gold pieces.
You spent 36 gold pieces at shops.


Innate Abilities, Weirdness & Mutations

You are very small and have problems with some larger weapons.
You are too small for most types of armour.
You have supernaturally acute eyesight. (SInv)
You cover ground extremely quickly. (Speed+++)


   Skills:
 - Level 1.5 Fighting
 + Level 4.9 Ranged Weapons
 - Level 4.0 Dodging
 - Level 1.5 Stealth


You had 2 spell levels left.
You didn't know any spells.
Your spell library was empty.

Inventory:

Hand Weapons
 a - a +0 shortbow (weapon)
Armour
 c - a +0 robe (worn)
Potions
 d - a potion of might {unknown}
 e - a potion of enlightenment
 h - 3 potions of curing

Dungeon Overview and Level Annotations

Branches:
Dungeon (3/15)

Altars:

Shops:
D:2 ?


Message History

HP restored.
Done exploring.
1228 ||| DRINKING 2 dark potions.
It was a potion of enlightenment.
You feel very buoyant.
You fly up into the air.
Done exploring.
What level of the Dungeon? (default 2, ? - help)
There is a stone staircase leading down here.
You fly downwards.
Found a stone staircase leading up.
There is a stone staircase leading up here.
An adder is nearby!
Waypoint 2 assigned to D:3.
You shoot an arrow. The arrow hits the adder.
The adder is moderately wounded.
The adder bites you.
You shoot an arrow. The arrow misses the adder.
The adder barely misses you.
You shoot an arrow. The arrow barely misses the adder.
The adder misses you. The adder bites you.
You shoot an arrow. The arrow barely misses the adder.
The adder bites you.
You are poisoned.
The adder poisons you! The adder misses you.
You shoot an arrow. The arrow closely misses the adder.
You feel sick. The adder bites you.
You are lethally poisoned!
The adder poisons you!
You shoot an arrow. The arrow hits the adder.
The adder is heavily wounded.
You feel very sick. The adder misses you. The adder barely misses you.
1286 ||| READING scroll of teleportation.
As you read the scroll of teleportation, it crumbles to dust.
You feel strangely unstable.
You feel sick. The adder misses you.
You shoot an arrow. The arrow hits the adder.
The adder is almost dead.
You feel sick. The adder barely misses you.
You shoot an arrow. The arrow closely misses the adder.
You die...

# .# #.###
#<...
##..#####
#@S......
#..#######
#....
...####
####


You could see an adder.

Vanquished Creatures
  2 adders (D:2)
  A dart slug (D:1)
  2 bats
  2 endoplasms (D:2)
  3 giant cockroaches (D:1)
  2 goblins
  4 hobgoblins
  2 kobolds (D:1)
  7 ball pythons
  3 frilled lizards
  5 rats
33 creatures vanquished.

Notes
Turn   | Place    | Note
-------+----------+-------------------------------------------
     0 | D:1      | qw the Spriggan Hunter began the quest for the Orb.
     0 | D:1      | Reached XP level 1. HP: 10/10 MP: 2/2
     0 | D:1      | 0 ||| qw: Version: 0.3-a-155-g5e7d8dd
     0 | D:1      | 0 ||| qw: Game counter: 2522
     0 | D:1      | 0 ||| qw: Melee chars always use a shield: true
     0 | D:1      | 0 ||| qw: God list: Okawaru
     0 | D:1      | 0 ||| qw: Allow faded altars: false
     0 | D:1      | 0 ||| qw: Do Orc after clearing Dungeon:15 true
     0 | D:1      | 0 ||| qw: Do second Lair branch before Depths: true
     0 | D:1      | 0 ||| qw: Lair rune preference: random
     0 | D:1      | 0 ||| qw: Goals: Normal
     0 | D:1      | 0 ||| PLANNING D:1-11
    56 | D:1      | Reached skill level 3 in Dodging
   127 | D:1      | Found a faded altar of an unknown god.
   158 | D:1      | Reached XP level 2. HP: 14/14 MP: 3/3
   481 | D:1      | 481 ||| READING 2 scrolls labelled MUZOMP IRUU.
   582 | D:1      | 582 ||| READING scroll labelled NOARGH ZYENGUEWN.
   583 | D:1      | 583 ||| READING scroll labelled VEPTU TOOT.
   584 | D:1      | 584 ||| DRINKING 2 purple potions.
   585 | D:1      | 585 ||| DROPPING scroll of butterflies.
   586 | D:1      | 586 ||| DROPPING scroll of vulnerability.
   631 | D:2      | Found Maaps's Magic Scroll Emporium.
   641 | D:2      | Reached XP level 3. HP: 18/18 MP: 4/4
   648 | D:2      | 648 ||| SHOPLISTING scroll of enchant armour (90 gold, have
                  | 55).
   648 | D:2      | 648 ||| SHOPLISTING scroll of enchant weapon (90 gold, have
                  | 55).
   648 | D:2      | 648 ||| BUYING scroll of teleportation (36 gold).
   648 | D:2      | Bought a scroll of teleportation for 36 gold pieces
  1193 | D:2      | 1193 ||| READING scroll labelled LADAACHOSIJ.
  1194 | D:2      | 1194 ||| READING scroll labelled ZIKKAUKITT.
  1228 | D:2      | 1228 ||| DRINKING 2 dark potions.
  1285 | D:3      | HP: 4/18 [poisoned by an adder]
  1286 | D:3      | 1286 ||| READING scroll of teleportation.
  1288 | D:3      | Succumbed to an adder's poison

Levels and vault maps discovered:
D:1:      psy_arrival_basics, layout_rooms, ebering_ecumenical_altar_petrified,
          minmay_misc_feat_chi, hex_tiny, serial_bayou_lake_a
D:2:      layout_loops_ring, serial_shops, nicolae_shop_tiny_waterfront,
          minmay_misc_feat_alley, serial_bayou_pond_e
D:3:      kennysheep_big_flooded_room, layout_basic,
          mainiacjoe_overflow_catwalk, nemelex_diamond_rough_becter,
          gammafunk_temple_overflow_pools, minmay_cupped, uniq_jessica

Skill      XL: |  1  2 |
---------------+-------+-----
Dodging        | 3 4 |  4.0
Fighting       | |  1.5
Ranged Weapons | |  4.9
Stealth        | |  1.5

Action                     || total
---------------------------++-------
   Fire: Shortbow          ||    82
    Use: Scroll            ||     6
         Potion            ||     2
 Armour: Robe              ||     6
  Dodge: Dodged            ||    21

Table legend:
 A = Non-vault XP
 B = Vault XP
 C = Vault XP percentage of total XP
 D = Non-vault monster count
 E = Vault monster count
 F = Vault count percentage of total count
                 A         B        C        D         E       F
            +---------+---------+-------+---------+---------+-------
      Total |      78 |       0 |   0.0 |      33 |       0 |   0.0
            +---------+---------+-------+---------+---------+-------
        D:1 |      32 |       0 |   0.0 |      20 |       0 |   0.0
        D:2 |      46 |       0 |   0.0 |      13 |       0 |   0.0
            +---------+---------+-------+---------+---------+-------
